 Dungeon Crawl Stone Soup version 0.18-a0-5-gf1fb587 (webtiles) character file.

24 SlimeFever the Stinger (level 2, -3/19 HPs)
             Began as a Demonspawn Venom Mage on Oct 31, 2015.
             Slain by an adder (5 damage)
             ... on level 2 of the Dungeon.
             The game lasted 00:06:25 (871 turns).

SlimeFever the Stinger (Demonspawn Venom Mage)       Turns: 871, Time: 00:06:25

Health: -3/19      AC:  3    Str:  8    XL:     2   Next: 79%
Magic:  0/5        EV: 11    Int: 16    God:
Gold:   70         SH:  0    Dex: 13    Spells: 2 memorised, 2 levels left

rFire  . . .     SeeInvis .     e - +0 spear
rCold  . . .     Clarity  .     n - +0 leather armour
rNeg   . . .     SustAt   .     (no shield)
rPois  .         Gourm    .     (no helmet)
rElec  .         Spirit   .     (no cloak)
rCorr  .         Warding  .     (no gloves)
rMut   .         Stasis   .     (no boots)
MR     .....                    (no amulet)
Stlth  +.........               (no ring)
                                (no ring)

@: lethally poisoned (-3 -> -6), very slightly contaminated, not resistant to
hostile enchantments, very unstealthy
A: hooves 1
a: no special abilities


You were on level 2 of the Dungeon.
You were not hungry.

You visited 1 branch of the dungeon, and saw 2 of its levels.

You collected 70 gold pieces.

Inventory:

Hand Weapons
 e - a +0 spear (weapon)
Missiles
 m - 7 needles of confusion
Armour
 a - a +0 robe
 g - a +0 pair of gloves
 n - a +0 leather armour (worn)
Scrolls
 o - a scroll of recharging {unknown}
Potions
 f - 2 potions of ambrosia
 h - 2 potions of haste {unknown}
 i - a potion of cancellation {unknown}
 k - 2 potions of brilliance
Books
 b - a Young Poisoner's Handbook

   Spells                             Type                      Level
   a - Sting                          Conjuration/Poison           1
   b - Cure Poison                    Poison                       2
   c - Mephitic Cloud                 Conjuration/Poison/Air       3
   d - Olgreb's Toxic Radiance        Poison                       4
   e - Venom Bolt                     Conjuration/Poison           5
Comestibles
 c - a bread ration
 d - 3 fruits
 j - 2 meat rations


   Skills:
 + Level 1.7 Dodging
 + Level 1.8 Stealth
 + Level 2.0 Spellcasting
 * Level 4.8 Poison Magic


You had 2 spell levels left.
You knew the following spells:

 Your Spells              Type           Power        Failure   Level  Hunger
a - Sting                 Conj/Pois      #...         14%         1    #......
b - Cure Poison           Pois           ###.......   10%         2    ###....


Dungeon Overview and Level Annotations

Branches:
Dungeon (2/15)

Altars:
Ashenzari


Innate Abilities, Weirdness & Mutations

You have large cloven feet.


Message History

Confirm with . or Enter, or press ? or * to list all spells.
You miscast Cure Poison.
You are very lightly contaminated with residual magic.
Nothing appears to happen.
* * * LOW HITPOINT WARNING * * *
You feel sick. The adder closely misses you.
You barely miss the adder. Your kick misses the adder.
The adder is moderately wounded.
The adder barely misses you.
You barely miss the adder. You kick the adder, but do no damage.
The adder is moderately wounded.
The adder barely misses you. x2
You closely miss the adder. Your kick misses the adder.
The adder is moderately wounded.
* * * LOW HITPOINT WARNING * * *
You feel sick. The adder barely misses you.
You closely miss the adder.
The adder is moderately wounded.
The adder bites you but does no damage. The adder bites you.
You die...

.. ## ... ..
##.############ .##
.......)....... ...
...........# #.#
#...S@...# #.##
#.(......# #####..#
#........###...†..#
#.$...............##
#..................#
#...>...)........#.#
########.........#$.#
#.........##.#
#............#


You could see an adder.

Vanquished Creatures
  An ooze (D:2)
  A worm (D:2)
  2 goblins (D:1)
  2 hobgoblins (D:1)
  6 kobolds
  2 bats (D:1)
  A giant newt (D:1)
  3 rats (D:1)
18 creatures vanquished.

Notes
Turn   | Place    | Note
--------------------------------------------------------------
     0 | D:1      | SlimeFever the Demonspawn Venom Mage began the quest for the Orb.
     0 | D:1      | Reached XP level 1. HP: 13/13 MP: 3/3
   336 | D:1      | Gained mutation: You have large cloven feet. [demonic ancestry]
   336 | D:1      | Reached XP level 2. HP: 19/19 MP: 3/5
   622 | D:1      | Learned a level 2 spell: Cure Poison
   814 | D:2      | Found a shattered altar of Ashenzari.
   871 | D:2      | Slain by an adder

Vault maps used:
D:1:      dpeg_arrival_lava_altar, serial_park_tiny_2
D:2:      lemuel_round_altar

Action                   || total
-------------------------++-------
Melee: Spear             ||    43
 Cast: Sting             ||    25
       Cure Poison       ||     1
  Use: Scroll            ||     4
